AoeStats
← ccereal

Arabia

509403961Analyzed
2v2 RM · 5d ago on Sep 26, 2026· 13m 13s· 4 players
Game mode
Random Map
Map size
Medium (4 player)
Population
200
Speed
Normal
Resources
Standard
Victory
Conquest
Starting age
Dark Age
Ending age
Imperial Age
RankedLock teamsTeams togetherTeam positionsShared explorationLock speedFull tech treeHidden civsTurbo modeCheats
Victory
Defeat
🇳🇱 Ethiopians · Netherlands
1590
+17
1534
+19
🇫🇷 Mongols · France
1647
-19
🇩🇪 Franks · Germany
1575
-17
Grootmeester
6:31 Loom
9:21 Feudal Age
Kbro de Dia- K1 de noche
8:41 Loom
11:07 Feudal Age
11:33 Double-Bit Axe
13:51 Wheelbarrow
ccereal
8:27 Loom
10:27 Feudal Age
11:25 Double-Bit Axe
p0n0n0
5:49 Loom
8:52 Feudal Age
9:30 Double-Bit Axe
Connection lost

Rejoining the realm…

Still unreachable

The connection could not be restored.

Session expired

The server has moved on; the page needs a fresh start.